 Dungeon Crawl Stone Soup version 0.28-a0-957-g42eb19b844 (webtiles) character file.

Game seed: 11557545686201776307

224 Hipnos the Magician (level 5, -2/28 HPs)
             Began as a Deep Elf Ice Elementalist on Nov 30, 2021.
             Killed by nerve-wracking pain
             ... invoked by Grinder
              (6 damage)
             ... on level 3 of the Dungeon.
             The game lasted 00:07:51 (3930 turns).

Hipnos the Magician (Deep Elf Ice Elementalist)     Turns: 3930, Time: 00:07:53

Health: -2/28      AC:  9    Str: 10 (11) XL:     5   Next: 67%
Magic:  1/16       EV: 12    Int: 20 (22) God:
Gold:   118        SH:  0    Dex: 12 (15) Spells: 6/18 levels left

rFire   . . .      SeeInvis .   h - +0 dagger
rCold   . . .      Faith    .   (no shield)
rNeg    . . .      Spirit   .   a - +0 robe
rPois   .          Reflect  .   (no helmet)
rElec   .          Harm     .   (no cloak)
rCorr   .          Rampage  .   (no gloves)
Will    .....                   (no boots)
Stlth   ++........              (no amulet)
HPRegen 0.09/turn               l - +6 ring of strength
MPRegen 0.15/turn               (no ring)

@: mighty, ice-armoured, on berserk cooldown, slowed, very slow
A: no striking features
a: no special abilities


You were on level 3 of the Dungeon.
You visited 1 branch of the dungeon, and saw 3 of its levels.

You collected 118 gold pieces.

Inventory:

Hand Weapons
 h - a +0 dagger (weapon)
Armour
 a - a +0 robe (worn)
Jewellery
 l - a +6 ring of strength (left hand)
Scrolls
 f - a scroll of fog {unknown}
 g - a scroll of noise {unknown}
 i - a scroll of acquirement {unknown}
 j - a scroll of amnesia {unknown}


   Skills:
 + Level 2.7 Dodging
 - Level 2.4 Stealth
 + Level 7.0 Spellcasting
 * Level 5.3 Ice Magic


You had 6 spell levels left.
You knew the following spells:

 Your Spells              Type           Power      Damage    Failure   Level
a - Freeze                Ice            100%       1d11      1%          1
b - Frozen Ramparts       Ice            56%        1d7       3%          3
c - Ozocubu's Armour      Ice            28%        N/A       3%          3
d - Pain                  Necr           28%        1d5       10%         1
e - Hailstorm             Conj/Ice       17%        3d6       30%         4

Your spell library contained the following spells:

 Spells                   Type           Power      Damage    Failure   Level
 Animate Skeleton         Necr           14%        N/A       10%         1
 Vampiric Draining        Necr           7%         2d6       28%         3


Dungeon Overview and Level Annotations

Branches:
Dungeon (3/15)

Altars:

Annotations:
D:3 Grinder


Message History

You feel very mighty all of a sudden. Grinder hits you.
You writhe in agony.
You hit Grinder.
Grinder is severely wounded.
Grinder gestures at you. You resist with significant effort.
You closely miss Grinder.
Grinder is severely wounded.
Grinder completely misses you. Grinder hits you.
You closely miss Grinder.
Grinder is severely wounded.
Grinder barely misses you.
Casting: Freeze (safe; 1% risk of failure)
Confirm with . or Enter, or press ? or * to list all spells.
Aiming: Freeze (safe; 1% risk of failure)
Press: ? - help, Shift-Dir - straight line, f/p - Grinder
Aim: Grinder (severely wounded)
You freeze Grinder.
Grinder resists.
Grinder is severely wounded.
Grinder barely misses you. Grinder gestures at you.
Pain shoots through your body!
* * * LOW HITPOINT WARNING * * *
Casting: Freeze (safe; 1% risk of failure)
Confirm with . or Enter, or press ? or * to list all spells.
Aiming: Freeze (safe; 1% risk of failure)
Press: ? - help, Shift-Dir - straight line, f/p - Grinder
Aim: Grinder (severely wounded)
You freeze Grinder.
Grinder resists.
Grinder is severely wounded.
Grinder says, "Mostly I couldn't keep them alive."
Grinder gestures at you. You resist with significant effort.
As you read the scroll labelled NUGREN HEBBUT, it crumbles to dust.
Your body is wracked with pain!
* * * LOW HITPOINT WARNING * * *
It was a scroll of torment.
Grinder gestures at you. Pain shoots through your body!
You die...

#+#######..##.#...........#
#. #+#........
#.#....#+###### #.
....#....... .#....# #.
......). ...##.... #.
..)..... ......... #.
.......###.......###+### #.
...#...... ............. #.
#### ...... #.5........ #.
'..+ ...... #..@....... #.
####....###..##'####'### #.
......# .............# #.
##########+#..#.######## #.
8.8.8.8....#.#........# #.
...........#.#........# #.
...........#.#........# #.
.g.........#..........# #.
.g.........##.........# #.


You could see Grinder.

Vanquished Creatures
  A water moccasin (D:3)
  3 gnolls (D:3)
  An adder (D:3)
  A worm (D:3)
  4 dart slugs
  An orc (D:2)
  2 bats
  10 endoplasms
  4 giant cockroaches
  8 goblins
  4 hobgoblins
  2 jackals (D:1)
  4 kobolds
  4 quokkas
  9 ball pythons
  4 frilled lizards
  8 rats
70 creatures vanquished.

Notes
Turn   | Place    | Note
-------+----------+-------------------------------------------
     0 | D:1      | Hipnos the Deep Elf Ice Elementalist began the quest for
                  | the Orb.
     0 | D:1      | Reached XP level 1. HP: 10/10 MP: 6/6
   142 | D:1      | Reached XP level 2. HP: 9/15 MP: 6/8
   806 | D:1      | Reached skill level 5 in Ice Magic
   809 | D:1      | Reached XP level 3. HP: 8/19 MP: 1/10
   813 | D:1      | Learned a level 3 spell: Frozen Ramparts
  1007 | D:1      | Learned a level 3 spell: Ozocubu's Armour
  1032 | D:2      | Learned a level 1 spell: Pain
  1362 | D:2      | Reached skill level 4 in Spellcasting
  2736 | D:3      | Reached skill level 5 in Spellcasting
  2736 | D:3      | Reached XP level 4. HP: 16/24 MP: 2/13
  2941 | D:3      | Noticed a water moccasin
  3092 | D:3      | Killed a water moccasin
  3093 | D:3      | Reached skill level 6 in Spellcasting
  3093 | D:3      | Reached XP level 5. HP: 28/28 MP: 6/16
  3453 | D:3      | Learned a level 4 spell: Hailstorm
  3620 | D:3      | Reached skill level 7 in Spellcasting
  3906 | D:3      | Noticed Grinder
  3930 | D:3      | Killed from afar by Grinder

Illustrated notes

Levels and vault maps discovered:
D:1:      amcnicky_arrival_flooded_fountain, layout_rooms, serial_park_tiny_pond
D:2:      layout_basic
D:3:      kennysheep_the_goblin_king, layout_basic, nicolae_underground_beach,
          uniq_grinder

Skill      XL: |  1  2  3  4  5 |
---------------+----------------+-----
Ice Magic      | 5 |  5.3
Spellcasting   | 5 6 7 |  7.0
Dodging        | |  2.7
Stealth        | |  2.4

Action                   |  1- 3 |  4- 6 || total
-------------------------+-------+-------++-------
Melee: Unarmed           |     5 |       ||     5
       Dagger            |     1 |    11 ||    12
 Cast: Freeze            |    34 |     9 ||    43
       Pain              |    50 |    46 ||    96
       Frozen Ramparts   |     2 |     9 ||    11
       Ozocubu's Armour  |     1 |     2 ||     3
       Hailstorm         |       |     2 ||     2
  Use: Potion            |       |     4 ||     4
       Scroll            |       |     1 ||     1
 Stab: Sleeping          |     1 |       ||     1
Armor: Robe              |    15 |     7 ||    22
Dodge: Dodged            |    35 |    11 ||    46

Table legend: (Time is in decaauts)
 A = Elapsed time spent in this place.
 B = Non-inter-level travel time spent in this place.
 C = Inter-level travel time spent in this place.
 D = Time resting spent in this place.
 E = Time spent auto-exploring this place.
 F = Levels seen in this place.
 G = Mean time per level.
                   A        B        C        D        E       F      G
               +--------+--------+--------+--------+--------+-----+--------+
         Total |   3929 |   3875 |     54 |      0 |   3417 |   3 | 1309.7 |
       Dungeon |   3929 |   3875 |     54 |      0 |   3417 |   3 | 1309.7 |
               +--------+--------+--------+--------+--------+-----+--------+

Top non-repeatable levels by time:
     D:2: 1522 daAuts
     D:3: 1378 daAuts
     D:1: 1028 daAuts
